 Dungeon Crawl Stone Soup version 0.31-a0-18-gea43df2a32 (webtiles) character file.

Game seed: 17952060223172243519

2 subawu the Sneak (level 1, -1/14 HPs)
             Began as a Ghoul Enchanter on May 11, 2023.
             Slain by a giant cockroach (2 damage)
             ... on level 1 of the Dungeon.
             The game lasted 00:00:34 (76 turns).

subawu the Sneak (Ghoul Enchanter)                    Turns: 76, Time: 00:00:34

Health: -1/14      AC:  2    Str: 11    XL:     1   Next: 40%
Magic:  2/2        EV: 12    Int: 10    God:
Gold:   0          SH:  0    Dex:  9    Spells: 3/3 levels left

rFire   . . .        a - +1 dagger
rCold   + . .        (no shield)
rNeg    + + +        b - +0 robe
rPois   ∞            (no helmet)
rElec   .            (no cloak)
rCorr   .            (no gloves)
SInv    .            (no boots)
Will    .....        (no amulet)
Stlth   ++           (no ring)
HPRegen 0.00/turn    (no ring)
MPRegen 0.08/turn

%: no passive effects
@: inhibited regen
A: claws 1, cold resistance 1, negative energy resistance 3, inhibited
regeneration, torment resistance 2, devour on kill
a: no special abilities


You were on level 1 of the Dungeon.
You visited 1 branch of the dungeon, and saw 1 of its levels.

Inventory:

Hand Weapons
 a - a +1 dagger (weapon)
Armour
 b - a +0 robe (worn)
Potions
 c - 2 potions of invisibility


   Skills:
 + Level 1.0 Short Blades
 + Level 1.8 Dodging
 + Level 3.3 Stealth
 + Level 1.8 Spellcasting
 + Level 2.4 Hexes


You had 3 spell levels left.
You didn't know any spells.
Your spell library contained the following spells:

 Spells                   Type           Power      Damage    Failure   Level
 Ensorcelled Hibernation  Hex/Ice        6%         N/A       28%         2
 Confusing Touch          Hex            5%         N/A       34%         3
 Tukima's Dance           Hex            5%         N/A       34%         3
 Dazzling Flash           Conj/Hex       6%         N/A       50%         3


Dungeon Overview and Level Annotations

Branches:
Dungeon (1/15)

Altars:


Innate Abilities, Weirdness & Mutations

You are immune to poison.
You have sharp fingernails.
Your flesh is cold resistant. (rC+)
You are immune to negative energy. (rN+++)
You do not regenerate when monsters are visible.
You are immune to unholy pain and torment.
You thrive by killing the living.


Message History

Found 2 scrolls labelled TAITSO KUOTHRA.
Things that are here:
a +0 dagger; a goblin corpse
Found 6 stones.
Things that are here:
a +0 dagger; a goblin corpse An endoplasm, a bat and a giant cockroach come into view.
The bat moves out of view.
The bat hits you but does no damage.
Found a leather armour.
The bat closely misses you. The bat misses you. The endoplasm freezes you.
You are frozen.
You resist. The giant cockroach barely misses you. The endoplasm freezes you.
You are frozen.
You resist. The bat hits you but does no damage. The bat misses you.
The giant cockroach bites you. The endoplasm hits you.
You see here 2 scrolls labelled TAITSO KUOTHRA.
A dart slug comes into view.
The bat closely misses you.
You barely miss the giant cockroach. The bat barely misses you.
The giant cockroach misses you.
You barely miss the giant cockroach. The bat closely misses you.
The bat barely misses you.
The giant cockroach completely misses you.
The endoplasm closely misses you. The dart slug launches a dart at you.
The slug dart hits you.
* * * LOW HITPOINT WARNING * * *
You completely miss the giant cockroach.
The bat hits you but does no damage. The bat barely misses you.
The giant cockroach misses you. The endoplasm hits you.
* * * LOW HITPOINT WARNING * * *
The bat misses you. The dart slug launches a dart at you.
The slug dart hits you.
* * * LOW HITPOINT WARNING * * *
The giant cockroach bites you.
You die...

♣####..###
#..#
.♣..##.#
#..#
♣.♣#...#
#).#
..######
#..# ..♣
#..# ####
♣<♣ #..#
...### #♣#
#..##......
#.b#.[.....
#..@...#
#.JB#.....w
##(.....###
#.........
##.....###
##.#.##
^#.# .# #
.#


You could see a dart slug, an endoplasm, a giant cockroach and a bat.

Vanquished Creatures
  An endoplasm (D:1)
  A goblin (D:1)
2 creatures vanquished.

Notes
Turn   | Place    | Note
-------+----------+-------------------------------------------
     0 | D:1      | subawu the Ghoul Enchanter began the quest for the Orb.
     0 | D:1      | Reached XP level 1. HP: 14/14 MP: 2/2
    61 | D:1      | Reached skill level 1 in Short Blades
    76 | D:1      | Slain by a giant cockroach

Illustrated notes

Levels and vault maps discovered:
D:1:      pf_arrival_petrified_forest, layout_loops_ring

Skill      XL: |  1 |
---------------+----+-----
Short Blades   | 1 |  1.0
Dodging        | |  1.8
Stealth        | |  3.3
Spellcasting   | |  1.8
Hexes          | |  2.4

Action                     || total
---------------------------++-------
  Melee: Dagger            ||     7
   Stab: Sleeping          ||     1
 Armour: Robe              ||     3
  Dodge: Dodged            ||    15

Table legend: (Time is in decaauts)
 A = Elapsed time spent in this place.
 B = Non-inter-level travel time spent in this place.
 C = Inter-level travel time spent in this place.
 D = Time resting spent in this place.
 E = Time spent auto-exploring this place.
 F = Levels seen in this place.
 G = Mean time per level.
                   A        B        C        D        E       F      G
               +--------+--------+--------+--------+--------+-----+--------+
         Total |     75 |     71 |      4 |      0 |      0 |   1 |   75.0 |
       Dungeon |     75 |     71 |      4 |      0 |      0 |   1 |   75.0 |
               +--------+--------+--------+--------+--------+-----+--------+

Top non-repeatable levels by time:
     D:1: 75 daAuts
